Chicago Black Hawks vs Detroit Red Wings
(R2)
Created - Friday, April 11, 2025 at 08:55
Goals
|
| Chicago Black Hawks |
0 |
1 |
0 |
1 |
| Detroit Red Wings |
2 |
1 |
1 |
4 |
|
Shots
|
| Chicago Black Hawks |
9 |
8 |
12 |
29 |
| Detroit Red Wings |
10 |
20 |
5 |
35 |
|
1st period
1. Detroit Red Wings , Matthew Boldy 20 (Carter Verhaeghe 26, Mika Zibanejad 25) at 5:53 (PP)
2. Detroit Red Wings , Tyler Johnson 13 (Daniel Sprong 17) at 8:08
Penalties :
Jon Merrill (CHI) for Tripping (Minor) at 5:21, Adin Hill (CHI) for Slashing (Minor) at 5:49 - Vincent Desharnais served the penalty, Zach Bogosian (DET) for Roughing (Minor) at 12:00, Steven Stamkos (DET) for Tripping (Minor) at 14:12, Brett Howden (CHI) for Tripping (Minor) at 17:11, Jeff Petry (DET) for Interference (Minor) at 17:25
2nd period
3. Detroit Red Wings , Steven Stamkos 27 (Zachary Werenski 14) at 17:00 (PP)
4. Chicago Black Hawks , Sidney Crosby 28 (Lucas Raymond 25, Claude Giroux 25) at 17:48 (PP)
Penalties :
Claude Giroux (CHI) for Tripping (Minor) at 4:49, Mika Zibanejad (DET) for Interference (Minor) at 7:46, Carter Verhaeghe (DET) for Holding (Minor) at 14:49, Cole Sillinger (CHI) for Diving (Minor) at 16:06, MacKenzie Weegar (DET) for Roughing (Minor) at 17:15
3rd period
5. Detroit Red Wings , Carter Verhaeghe 12 (Mika Zibanejad 26, Jared McCann 25) at 3:24
Penalties :
Vincent Desharnais (CHI) for Roughing (Minor) at 0:22, Vincent Desharnais (CHI) for Hooking (Minor) at 4:25, Matthew Boldy (DET) for Hooking (Minor) at 8:38, Dante Fabbro (CHI) for High sticking (Minor) at 11:59, Vincent Desharnais (CHI) for Roughing (Minor) at 14:40, Robert Bortuzzo (CHI) for High sticking (Minor) at 17:51
Goalie Stats
Adin Hill (CHI), 31 saves from 35 shots - (0.886), L, 12-11-2, 60:00 minutes
Calvin Pickard (DET), 28 saves from 29 shots - (0.966), W, 20-13-1, 60:00 minutes
Players Stats for Chicago Black Hawks
Player Name G A P +/- PIM S H SB GA TA FO MP PP MP PK MP
------------------------------------------------------------------------------------
Barrett Hayton 0 0 0 -1 0 1 1 0 1 0 2/5 8:29 0:34 0:02
Brett Howden 0 0 0 -1 2 4 1 0 0 0 1/1 9:04 0:21 1:12
Caleb Jones 0 0 0 0 0 1 0 0 0 0 0/0 10:50 0:08 0:24
Claude Giroux 0 1 1 -1 2 2 2 0 1 0 2/2 22:21 5:18 6:01
Cole Sillinger 0 0 0 0 2 1 0 0 2 0 5/14 22:00 4:22 6:51
Dante Fabbro 0 0 0 -1 2 1 2 1 0 1 0/0 25:26 4:55 6:52
Jack Drury 0 0 0 0 0 0 0 0 1 0 2/2 5:46 0:00 0:00
Jon Merrill 0 0 0 0 2 1 0 0 0 0 0/0 15:42 0:08 4:43
Joseph Veleno 0 0 0 0 0 1 0 0 1 0 2/4 15:30 4:20 0:54
Josh Doan 0 0 0 0 0 0 0 0 0 0 0/0 5:46 0:00 0:00
Lucas Raymond 0 1 1 -1 0 1 1 0 0 0 5/14 22:11 5:15 7:19
Noah Cates 0 0 0 0 0 0 0 0 0 0 0/0 5:46 0:00 0:00
Oliver Wahlstrom 0 0 0 -1 0 3 0 0 0 0 0/0 7:41 0:10 0:00
Robert Bortuzzo 0 0 0 -1 2 3 2 1 0 0 0/0 22:34 4:57 5:57
Sidney Crosby 1 0 1 -1 0 5 2 0 0 0 13/22 23:12 5:18 7:11
Tyson Foerster 0 0 0 0 0 1 1 0 0 1 0/1 14:16 4:21 0:00
Urho Vaakanainen 0 0 0 -1 0 3 2 0 0 0 0/0 24:34 4:57 8:17
Vincent Desharnais 0 0 0 -1 6 1 0 1 1 0 0/0 21:25 4:55 3:21
Players Stats for Detroit Red Wings
Player Name G A P +/- PIM S H SB GA TA FO MP PP MP PK MP
------------------------------------------------------------------------------------
Brendan Gallagher 0 0 0 0 0 1 0 0 0 0 0/0 4:46 0:15 0:00
Carter Verhaeghe 1 1 2 1 2 3 1 1 0 0 0/0 18:27 7:06 0:07
Christian Fischer 0 0 0 1 0 2 1 0 0 0 0/0 12:28 0:00 4:24
Daniel Sprong 0 1 1 1 0 2 1 0 0 0 0/0 9:08 0:28 0:37
Jackson LaCombe 0 0 0 1 0 1 1 2 0 1 0/0 14:00 0:24 4:58
Jared McCann 0 1 1 0 0 1 0 0 0 1 0/2 17:39 7:20 0:50
Jeff Petry 0 0 0 0 2 0 2 2 0 0 0/0 23:08 7:39 4:59
Keegan Kolesar 0 0 0 0 0 0 2 0 0 0 2/2 9:44 0:00 4:38
Kevin Stenlund 0 0 0 0 0 1 1 0 0 1 1/7 10:05 0:21 4:38
MacKenzie Weegar 0 0 0 1 2 3 3 1 1 0 0/0 26:58 7:07 4:29
Matthew Boldy 1 0 1 1 2 2 1 0 0 0 0/1 17:38 7:05 0:00
Mika Zibanejad 0 2 2 1 2 7 2 1 0 1 17/28 22:58 7:09 3:45
Patrick Kane 0 0 0 0 0 4 1 1 0 0 1/1 17:40 7:14 0:00
Shayne Gostisbehere 0 0 0 0 0 0 0 0 0 2 0/0 19:56 6:42 0:21
Steven Stamkos 1 0 1 0 2 5 2 1 1 0 8/18 18:16 7:13 1:01
Tyler Johnson 1 0 1 1 0 2 1 0 0 1 4/6 8:05 0:10 0:00
Zach Bogosian 0 0 0 1 2 0 0 1 0 0 0/0 8:56 0:00 0:11
Zachary Werenski 0 1 1 1 0 1 0 3 0 0 0/0 27:34 7:41 5:02
3 Stars
1 - Calvin Pickard (DET)
2 - Carter Verhaeghe (DET)
3 - Tyler Johnson (DET)
Power Play
Chicago Black Hawks - 1 on 7 Attempt(s) - 14.29%
Detroit Red Wings - 2 on 10 Attempt(s) - 20.00%
Penalty Kill
Chicago Black Hawks - 8 on 10 Attempt(s) - 80.00%
- Score 0 goal in Penalty Kill
Detroit Red Wings - 6 on 7 Attempt(s) - 85.71%
- Score 0 goal in Penalty Kill
Team Stat
Chicago Black Hawks - Hits : 14 - Faceoff Wins : 32 - Blocked Shots : 3 - Penalty Minutes : 20
Detroit Red Wings - Hits : 19 - Faceoff Wins : 33 - Blocked Shots : 13 - Penalty Minutes : 14
Official
Referees : Tom Chmielewski and Francois St Laurent
Linesman : Scott Cherrey and Caleb Apperson
Game Notes
No Game Note
Finance
Level 1 -- Attendance: 5179 (86.32%) -- Ticket Income $517,900
Level 2 -- Attendance: 4114 (82.28%) -- Ticket Income $246,840
Level 3 -- Attendance: 2337 (77.90%) -- Ticket Income $81,795
Level 4 -- Attendance: 3425 (68.50%) -- Ticket Income $85,625
Luxury Box -- Attendance: 831 (83.10%) -- Ticket Income $166,200
Game was played at the Joe Louis Arena.
Total Attendance: 15886 (79.43%)
Total Ticket Income: $1,098,360
Other Income: $384,426
Total Income: $1,482,786
Chicago Black Hawks
5 vs 5 Forward
Center Left Wing Right Wing Time % Phy DF OF
1 Sidney Crosby Lucas Raymond Claude Giroux 30 1 2 2
2 Cole Sillinger Joseph Veleno Tyson Foerster 30 1 2 2
3 Barrett Hayton Brett Howden Oliver Wahlstrom 25 1 2 2
4 Jack Drury Noah Cates Josh Doan 15 1 2 2
5 vs 5 Defense
Defense Defense Time % Phy DF OF
1 Dante Fabbro Vincent Desharnais 30 1 2 2
2 Urho Vaakanainen Robert Bortuzzo 30 1 2 2
3 Caleb Jones Jon Merrill 25 1 2 2
4 Dante Fabbro Vincent Desharnais 15 1 2 2
PowerPlay Forward
Center Left Wing Right Wing Time % Phy DF OF
1 Sidney Crosby Lucas Raymond Claude Giroux 50 1 2 2
2 Cole Sillinger Joseph Veleno Tyson Foerster 50 1 2 2
PowerPlay Defense
Defense Defense Time % Phy DF OF
1 Dante Fabbro Vincent Desharnais 50 1 2 2
2 Urho Vaakanainen Robert Bortuzzo 50 1 2 2
Penalty Kill 4 Players Forward
Center Wing Time % Phy DF OF
1 Sidney Crosby Claude Giroux 50 1 2 2
2 Lucas Raymond Cole Sillinger 50 1 2 2
Penalty Kill 4 Players Defense
Defense Defense Time % Phy DF OF
1 Dante Fabbro Vincent Desharnais 50 1 2 2
2 Urho Vaakanainen Robert Bortuzzo 50 1 2 2
Penalty Kill - 3 Players Forward
Forward Time % Phy DF OF
1 Sidney Crosby 50 1 2 2
2 Claude Giroux 50 1 2 2
Penalty Kill - 3 Players Defense
Defense Defense Time % Phy DF OF
1 Dante Fabbro Vincent Desharnais 50 1 2 2
2 Urho Vaakanainen Robert Bortuzzo 50 1 2 2
4 vs 4 Forward
Center Wing Time % Phy DF OF
1 Sidney Crosby Claude Giroux 50 1 2 2
2 Lucas Raymond Cole Sillinger 50 1 2 2
4 vs 4 Defense
Defense Defense Time % Phy DF OF
1 Dante Fabbro Vincent Desharnais 50 1 2 2
2 Urho Vaakanainen Robert Bortuzzo 50 1 2 2
Last Minutes Offensive
Center Left Wing Right Wing Defense Defense
Sidney Crosby Lucas Raymond Claude Giroux Dante Fabbro Vincent Desharnais
Last Minutes Defensive
Center Left Wing Right Wing Defense Defense
Sidney Crosby Lucas Raymond Claude Giroux Dante Fabbro Vincent Desharnais
Goaltenders
Starting : Adin Hill
Backup : Alexandar Georgiev
Extra Forwards
Normal : Barrett Hayton, Sidney Crosby, Claude Giroux - PP : Barrett Hayton, Claude Giroux - PK : Sidney Crosby
Extra Defensemen
Normal : Caleb Jones, Vincent Desharnais, Urho Vaakanainen - PP : Caleb Jones - PK : Dante Fabbro, Urho Vaakanainen
Penalty Shots
Sidney Crosby, Claude Giroux, Lucas Raymond, Cole Sillinger, Tyson Foerster
Scratches
Leo Carlsson (Strained Left Elbow Injury), Logan Mailloux (Healthy), Bobby Brink (Healthy), Jakob Pelletier (Healthy), Filip Gustavsson (Healthy)
Detroit Red Wings
5 vs 5 Forward
Center Left Wing Right Wing Time % Phy DF OF
1 Mika Zibanejad Carter Verhaeghe Matthew Boldy 35 1 2 2
2 Steven Stamkos Jared McCann Patrick Kane 35 1 1 3
3 Tyler Johnson Daniel Sprong Christian Fischer 20 1 2 2
4 Kevin Stenlund Brendan Gallagher Keegan Kolesar 10 2 2 1
5 vs 5 Defense
Defense Defense Time % Phy DF OF
1 Zachary Werenski MacKenzie Weegar 40 1 2 2
2 Shayne Gostisbehere Jeff Petry 30 1 2 2
3 Jackson LaCombe Zach Bogosian 20 3 1 1
4 Zachary Werenski MacKenzie Weegar 10 1 2 2
PowerPlay Forward
Center Left Wing Right Wing Time % Phy DF OF
1 Steven Stamkos Jared McCann Patrick Kane 50 0 1 4
2 Mika Zibanejad Carter Verhaeghe Matthew Boldy 50 0 1 4
PowerPlay Defense
Defense Defense Time % Phy DF OF
1 Shayne Gostisbehere MacKenzie Weegar 50 1 2 2
2 Zachary Werenski Jeff Petry 50 1 2 2
Penalty Kill 4 Players Forward
Center Wing Time % Phy DF OF
1 Mika Zibanejad Christian Fischer 50 2 2 1
2 Kevin Stenlund Keegan Kolesar 50 2 2 1
Penalty Kill 4 Players Defense
Defense Defense Time % Phy DF OF
1 Jackson LaCombe MacKenzie Weegar 50 2 2 1
2 Zachary Werenski Jeff Petry 50 2 2 1
Penalty Kill - 3 Players Forward
Forward Time % Phy DF OF
1 Mika Zibanejad 50 1 2 2
2 Steven Stamkos 50 1 2 2
Penalty Kill - 3 Players Defense
Defense Defense Time % Phy DF OF
1 Jackson LaCombe MacKenzie Weegar 50 1 2 2
2 Zachary Werenski Jeff Petry 50 2 2 1
4 vs 4 Forward
Center Wing Time % Phy DF OF
1 Mika Zibanejad Carter Verhaeghe 60 1 2 2
2 Steven Stamkos Matthew Boldy 40 1 1 3
4 vs 4 Defense
Defense Defense Time % Phy DF OF
1 Zachary Werenski MacKenzie Weegar 60 1 2 2
2 Jackson LaCombe Jeff Petry 40 1 2 2
Last Minutes Offensive
Center Left Wing Right Wing Defense Defense
Mika Zibanejad Steven Stamkos Matthew Boldy Zachary Werenski MacKenzie Weegar
Last Minutes Defensive
Center Left Wing Right Wing Defense Defense
Mika Zibanejad Steven Stamkos Matthew Boldy Zachary Werenski MacKenzie Weegar
Goaltenders
Starting : Calvin Pickard
Backup : Laurent Brossoit
Extra Forwards
Normal : Patrick Kane, Christian Fischer, Daniel Sprong - PP : Kevin Stenlund, Daniel Sprong - PK : Steven Stamkos
Extra Defensemen
Normal : Shayne Gostisbehere, Jackson LaCombe, Zach Bogosian - PP : Shayne Gostisbehere - PK : Shayne Gostisbehere, Jackson LaCombe
Penalty Shots
Mika Zibanejad, Steven Stamkos, Matthew Boldy, Carter Verhaeghe, Jared McCann
Scratches
Alexander Barabanov (Healthy), Kevin Shattenkirk (Healthy), Raphael Lavoie (Healthy), Yakov Trenin (Healthy), Vitek Vanecek (Healthy)
% Time on Ice - Chicago Black Hawks
Lines # - Real PCT - Wanted PCT - Time Play
Normal Forward
1 - 29% - 30% - 9:33
2 - 30% - 30% - 9:59
3 - 23% - 25% - 7:28
4 - 18% - 15% - 5:46
Normal Defense
1 - 32% - 30% - 10:29
2 - 32% - 30% - 10:23
3 - 30% - 25% - 9:47
4 - 6% - 15% - 2:07
PP Forward
1 - 53% - 50% - 5:18
2 - 47% - 50% - 4:42
PP Defense
1 - 51% - 50% - 5:03
2 - 50% - 50% - 4:57
PK Forward
1 - 50% - 50% - 7:20
2 - 50% - 50% - 7:23
PK Defense
1 - 53% - 50% - 7:46
2 - 47% - 50% - 6:57
PK3 Forward
1 - 100% - 50% - 0:04
2 - 0% - 50% - 0:00
PK3 Defense
1 - 100% - 50% - 0:04
2 - 0% - 50% - 0:00
44 Forward
1 - 61% - 50% - 1:30
2 - 39% - 50% - 0:57
44 Defense
1 - 41% - 50% - 1:01
2 - 59% - 50% - 1:26
Last Minute Offensive - 0:00
Last Minute Defensive - 0:00
Total
Forward - 60:00
Defense - 60:00
|
% Time on Ice - Detroit Red Wings
Lines # - Real PCT - Wanted PCT - Time Play
Normal Forward
1 - 32% - 35% - 10:35
2 - 30% - 35% - 9:45
3 - 24% - 20% - 7:55
4 - 14% - 10% - 4:31
Normal Defense
1 - 38% - 40% - 12:30
2 - 34% - 30% - 11:16
3 - 24% - 20% - 7:59
4 - 3% - 10% - 1:01
PP Forward
1 - 50% - 50% - 7:24
2 - 50% - 50% - 7:23
PP Defense
1 - 48% - 50% - 7:07
2 - 52% - 50% - 7:40
PK Forward
1 - 50% - 50% - 5:02
2 - 50% - 50% - 4:58
PK Defense
1 - 48% - 50% - 4:47
2 - 52% - 50% - 5:13
PK3 Forward
1 - 0% - 50%
2 - 0% - 50%
PK3 Defense
1 - 0% - 50%
2 - 0% - 50%
44 Forward
1 - 82% - 60% - 2:01
2 - 18% - 40% - 0:26
44 Defense
1 - 76% - 60% - 1:52
2 - 24% - 40% - 0:35
Last Minute Offensive - 0:00
Last Minute Defensive - 0:00
Total
Forward - 60:00
Defense - 60:00
|
Play-by-Play
1st period
0:01 of 1st period - Claude Giroux wins face-off versus Mika Zibanejad in neutral zone.
0:16 of 1st period - Snap shot by Carter Verhaeghe.
0:16 of 1st period - Stopped by Adin Hill without a rebound.
0:17 of 1st period - Steven Stamkos wins face-off versus Joseph Veleno in Chicago Black Hawks zone.
0:34 of 1st period - Steven Stamkos is hit by Urho Vaakanainen and loses puck.
0:45 of 1st period - Wrist shot by Jack Drury.
0:45 of 1st period - Shot Blocked by Jeff Petry.
0:47 of 1st period - Wrist shot by Robert Bortuzzo.
0:47 of 1st period - Stopped by Calvin Pickard without a rebound.
0:48 of 1st period - Jack Drury wins face-off versus Tyler Johnson in Detroit Red Wings zone.
0:49 of 1st period - Snap shot by Josh Doan.
0:49 of 1st period - Shot Misses the Net.
0:55 of 1st period - Wrist shot by Josh Doan.
0:55 of 1st period - Shot Blocked by Jackson LaCombe.
1:36 of 1st period - MacKenzie Weegar is hit by Sidney Crosby and loses puck.
1:58 of 1st period - Off-side.
1:59 of 1st period - Cole Sillinger wins face-off versus Mika Zibanejad in neutral zone.
2:18 of 1st period - Wrist shot by Cole Sillinger.
2:18 of 1st period - Stopped by Calvin Pickard with a rebound.
2:36 of 1st period - Slapshot by Brett Howden.
2:36 of 1st period - Shot Misses the Net.
2:38 of 1st period - Snap shot by Brett Howden.
2:38 of 1st period - Stopped by Calvin Pickard without a rebound.
2:39 of 1st period - Sidney Crosby wins face-off versus Jared McCann in Detroit Red Wings zone.
3:06 of 1st period - Oliver Wahlstrom is hit by MacKenzie Weegar and loses puck.
4:57 of 1st period - Off-side.
4:58 of 1st period - Steven Stamkos wins face-off versus Tyson Foerster in neutral zone.
5:21 of 1st period - Minor Penalty to Jon Merrill for Tripping.
5:22 of 1st period - Patrick Kane wins face-off versus Sidney Crosby in Chicago Black Hawks zone.
5:31 of 1st period - Wrist shot by Steven Stamkos.
5:31 of 1st period - Deflect By Jared McCann.
5:31 of 1st period - Stopped by Adin Hill with a rebound.
5:33 of 1st period - Snap shot by Jared McCann.
5:33 of 1st period - Shot Misses the Net.
5:35 of 1st period - Slapshot by MacKenzie Weegar.
5:35 of 1st period - Shot Misses the Net.
5:37 of 1st period - Slapshot by Patrick Kane.
5:37 of 1st period - Shot Blocked by Dante Fabbro.
5:49 of 1st period - Wrist shot by Mika Zibanejad.
5:49 of 1st period - Stopped by Adin Hill without a rebound.
5:49 of 1st period - Minor Penalty to Adin Hill for Slashing.
5:50 of 1st period - Mika Zibanejad wins face-off versus Sidney Crosby in Chicago Black Hawks zone.
5:53 of 1st period - Snap shot by Matthew Boldy.
5:53 of 1st period - Goal by Matthew Boldy - Chicago Black Hawks : 0 - Detroit Red Wings : 1.
5:54 of 1st period - Mika Zibanejad wins face-off versus Lucas Raymond in neutral zone.
6:21 of 1st period - Jeff Petry is hit by Robert Bortuzzo and loses puck.
7:49 of 1st period - Penalty to Vincent Desharnais is over, Vincent Desharnais is back on ice.
7:58 of 1st period - Slapshot by Tyler Johnson.
7:58 of 1st period - Shot Misses the Net.
8:00 of 1st period - Slapshot by Jackson LaCombe.
8:00 of 1st period - Stopped by Adin Hill without a rebound.
8:01 of 1st period - Tyler Johnson wins face-off versus Barrett Hayton in Chicago Black Hawks zone.
8:08 of 1st period - Snap shot by Tyler Johnson.
8:08 of 1st period - Goal by Tyler Johnson - Chicago Black Hawks : 0 - Detroit Red Wings : 2.
8:09 of 1st period - Sidney Crosby wins face-off versus Steven Stamkos in neutral zone.
8:12 of 1st period - Snap shot by Lucas Raymond.
8:12 of 1st period - Stopped by Calvin Pickard with a rebound.
8:18 of 1st period - Snap shot by Patrick Kane.
8:18 of 1st period - Stopped by Adin Hill with a rebound.
8:20 of 1st period - Slapshot by Steven Stamkos.
8:20 of 1st period - Stopped by Adin Hill with a rebound.
8:22 of 1st period - Slapshot by Steven Stamkos.
8:22 of 1st period - Shot Misses the Net.
8:40 of 1st period - Backhand shot by Daniel Sprong.
8:40 of 1st period - Stopped by Adin Hill with a rebound.
8:43 of 1st period - Icing by Sidney Crosby.
8:44 of 1st period - Tyler Johnson wins face-off versus Lucas Raymond in Chicago Black Hawks zone.
8:47 of 1st period - Wrist shot by Daniel Sprong.
8:47 of 1st period - Shot Misses the Net.
9:19 of 1st period - Off-side.
9:20 of 1st period - Cole Sillinger wins face-off versus Mika Zibanejad in neutral zone.
9:37 of 1st period - Snap shot by Mika Zibanejad.
9:37 of 1st period - Stopped by Adin Hill with a rebound.
10:17 of 1st period - Slapshot by Zachary Werenski.
10:17 of 1st period - Shot Misses the Net.
11:51 of 1st period - Backhand shot by Jack Drury.
11:51 of 1st period - Shot Misses the Net.
12:00 of 1st period - Minor Penalty to Zach Bogosian for Roughing.
12:01 of 1st period - Mika Zibanejad wins face-off versus Sidney Crosby in Detroit Red Wings zone.
12:01 of 1st period - Mika Zibanejad is hit by Lucas Raymond.
12:10 of 1st period - Snap shot by Mika Zibanejad.
12:10 of 1st period - Shot Misses the Net.
12:28 of 1st period - Tyson Foerster is hit by Jeff Petry and loses puck.
14:00 of 1st period - Penalty to Zach Bogosian is over, Zach Bogosian is back on ice.
14:12 of 1st period - Minor Penalty to Steven Stamkos for Tripping.
14:13 of 1st period - Sidney Crosby wins face-off versus Kevin Stenlund in Detroit Red Wings zone.
14:16 of 1st period - Snap shot by Claude Giroux.
14:16 of 1st period - Stopped by Calvin Pickard with a rebound.
14:18 of 1st period - Slapshot by Vincent Desharnais.
14:18 of 1st period - Stopped by Calvin Pickard with a rebound.
14:20 of 1st period - Wrist shot by Dante Fabbro.
14:20 of 1st period - Shot Blocked by Zachary Werenski.
15:52 of 1st period - Vincent Desharnais is hit by Jackson LaCombe and loses puck.
16:12 of 1st period - Penalty to Steven Stamkos is over, Steven Stamkos is back on ice.
16:24 of 1st period - Patrick Kane is hit by Robert Bortuzzo and loses puck.
16:30 of 1st period - Icing by Patrick Kane.
16:31 of 1st period - Brett Howden wins face-off versus Steven Stamkos in Detroit Red Wings zone.
16:32 of 1st period - Snap shot by Barrett Hayton.
16:32 of 1st period - Deflect By Brett Howden.
16:32 of 1st period - Shot Blocked by Zach Bogosian.
16:32 of 1st period - Puck is out of play.
16:33 of 1st period - Barrett Hayton wins face-off versus Mika Zibanejad in Detroit Red Wings zone.
16:36 of 1st period - Snap shot by Brett Howden.
16:36 of 1st period - Shot Blocked by Carter Verhaeghe.
17:11 of 1st period - Minor Penalty to Brett Howden for Tripping.
17:12 of 1st period - Lucas Raymond wins face-off versus Mika Zibanejad in Chicago Black Hawks zone.
17:25 of 1st period - Minor Penalty to Jeff Petry for Interference.
17:26 of 1st period - Mika Zibanejad wins face-off versus Sidney Crosby in Detroit Red Wings zone.
17:31 of 1st period - Wrist shot by Sidney Crosby.
17:31 of 1st period - Stopped by Calvin Pickard without a rebound.
17:32 of 1st period - Mika Zibanejad wins face-off versus Sidney Crosby in Detroit Red Wings zone.
17:37 of 1st period - Snap shot by Sidney Crosby.
17:37 of 1st period - Shot Blocked by Zachary Werenski.
17:39 of 1st period - Snap shot by Sidney Crosby.
17:39 of 1st period - Shot Misses the Net.
17:41 of 1st period - Backhand shot by Vincent Desharnais.
17:41 of 1st period - Shot Blocked by Mika Zibanejad.
17:43 of 1st period - Backhand shot by Claude Giroux.
17:43 of 1st period - Stopped by Calvin Pickard with a rebound.
17:45 of 1st period - Slapshot by Dante Fabbro.
17:45 of 1st period - Stopped by Calvin Pickard without a rebound.
17:46 of 1st period - Mika Zibanejad wins face-off versus Lucas Raymond in Detroit Red Wings zone.
17:59 of 1st period - Wrist shot by Mika Zibanejad.
17:59 of 1st period - Shot Misses the Net.
18:29 of 1st period - Slapshot by Cole Sillinger.
18:29 of 1st period - Shot Misses the Net.
19:11 of 1st period - Penalty to Brett Howden is over, Brett Howden is back on ice.
19:13 of 1st period - Lucas Raymond is hit by Mika Zibanejad and loses puck.
19:21 of 1st period - Icing by Cole Sillinger.
19:22 of 1st period - Kevin Stenlund wins face-off versus Joseph Veleno in Chicago Black Hawks zone.
19:25 of 1st period - Penalty to Jeff Petry is over, Jeff Petry is back on ice.
Goals for this period are 0 for Chicago Black Hawks vs 2 for Detroit Red Wings.
Shots for this period are 9 for Chicago Black Hawks vs 10 for Detroit Red Wings.
2nd period
0:01 of 2nd period - Mika Zibanejad wins face-off versus Cole Sillinger in neutral zone.
0:10 of 2nd period - Wrist shot by Mika Zibanejad.
0:10 of 2nd period - Stopped by Adin Hill without a rebound.
0:11 of 2nd period - Cole Sillinger wins face-off versus Matthew Boldy in Chicago Black Hawks zone.
0:11 of 2nd period - Cole Sillinger is hit by Carter Verhaeghe.
0:23 of 2nd period - Cole Sillinger is hit by MacKenzie Weegar and loses puck.
0:45 of 2nd period - Wrist shot by Steven Stamkos.
0:45 of 2nd period - Stopped by Adin Hill with a rebound.
1:11 of 2nd period - Snap shot by Brett Howden.
1:11 of 2nd period - Stopped by Calvin Pickard with a rebound.
1:51 of 2nd period - Wrist shot by Tyler Johnson.
1:51 of 2nd period - Stopped by Adin Hill without a rebound.
1:52 of 2nd period - Mika Zibanejad wins face-off versus Sidney Crosby in Chicago Black Hawks zone.
1:53 of 2nd period - Snap shot by Carter Verhaeghe.
1:53 of 2nd period - Shot Misses the Net.
2:30 of 2nd period - Snap shot by Mika Zibanejad.
2:30 of 2nd period - Stopped by Adin Hill with a rebound.
3:00 of 2nd period - Backhand shot by Matthew Boldy.
3:00 of 2nd period - Shot Misses the Net.
3:08 of 2nd period - Icing by Matthew Boldy.
3:09 of 2nd period - Cole Sillinger wins face-off versus Mika Zibanejad in Detroit Red Wings zone.
3:21 of 2nd period - Off-side.
3:22 of 2nd period - Cole Sillinger wins face-off versus Steven Stamkos in neutral zone.
3:39 of 2nd period - Jeff Petry is hit by Dante Fabbro and loses puck.
4:09 of 2nd period - Off-side.
4:10 of 2nd period - Barrett Hayton wins face-off versus Tyler Johnson in neutral zone.
4:31 of 2nd period - Barrett Hayton is hit by Daniel Sprong and loses puck.
4:42 of 2nd period - Wrist shot by Tyler Johnson.
4:42 of 2nd period - Deflect By Daniel Sprong.
4:42 of 2nd period - Stopped by Adin Hill with a rebound.
4:44 of 2nd period - Slapshot by Zachary Werenski.
4:44 of 2nd period - Shot Misses the Net.
4:46 of 2nd period - Slapshot by Zachary Werenski.
4:46 of 2nd period - Deflect By Christian Fischer.
4:46 of 2nd period - Stopped by Adin Hill without a rebound.
4:47 of 2nd period - Sidney Crosby wins face-off versus Steven Stamkos in Chicago Black Hawks zone.
4:49 of 2nd period - Minor Penalty to Claude Giroux for Tripping.
4:50 of 2nd period - Steven Stamkos wins face-off versus Lucas Raymond in Chicago Black Hawks zone.
4:54 of 2nd period - Snap shot by Steven Stamkos.
4:54 of 2nd period - Stopped by Adin Hill with a rebound.
4:56 of 2nd period - Slapshot by MacKenzie Weegar.
4:56 of 2nd period - Stopped by Adin Hill with a rebound.
6:49 of 2nd period - Penalty to Claude Giroux is over, Claude Giroux is back on ice.
7:02 of 2nd period - Snap shot by Tyler Johnson.
7:02 of 2nd period - Shot Misses the Net.
7:04 of 2nd period - Wrist shot by Christian Fischer.
7:04 of 2nd period - Stopped by Adin Hill with a rebound.
7:14 of 2nd period - Slapshot by Dante Fabbro.
7:14 of 2nd period - Shot Blocked by Jackson LaCombe.
7:22 of 2nd period - Snap shot by Kevin Stenlund.
7:22 of 2nd period - Stopped by Adin Hill with a rebound.
7:24 of 2nd period - Wrist shot by Brendan Gallagher.
7:24 of 2nd period - Stopped by Adin Hill with a rebound.
7:46 of 2nd period - Minor Penalty to Mika Zibanejad for Interference.
7:47 of 2nd period - Keegan Kolesar wins face-off versus Sidney Crosby in Detroit Red Wings zone.
9:21 of 2nd period - Christian Fischer is hit by Tyson Foerster and loses puck.
9:44 of 2nd period - Jon Merrill is hit by MacKenzie Weegar and loses puck.
9:46 of 2nd period - Penalty to Mika Zibanejad is over, Mika Zibanejad is back on ice.
10:40 of 2nd period - Christian Fischer is hit by Brett Howden and loses puck.
10:56 of 2nd period - Vincent Desharnais is hit by Keegan Kolesar.
11:11 of 2nd period - Jeff Petry is hit by Dante Fabbro and loses puck.
11:39 of 2nd period - Josh Doan is hit by Steven Stamkos and loses puck.
12:26 of 2nd period - Wrist shot by Tyson Foerster.
12:26 of 2nd period - Shot Blocked by Steven Stamkos.
12:28 of 2nd period - Snap shot by Joseph Veleno.
12:28 of 2nd period - Deflect By Cole Sillinger.
12:28 of 2nd period - Shot Misses the Net.
12:28 of 2nd period - Puck is out of play.
12:29 of 2nd period - Mika Zibanejad wins face-off versus Cole Sillinger in Detroit Red Wings zone.
12:36 of 2nd period - Slapshot by MacKenzie Weegar.
12:36 of 2nd period - Deflect By Tyson Foerster.
12:36 of 2nd period - Stopped by Adin Hill with a rebound.
12:38 of 2nd period - Slapshot by MacKenzie Weegar.
12:38 of 2nd period - Shot Blocked by Robert Bortuzzo.
12:40 of 2nd period - Slapshot by Mika Zibanejad.
12:40 of 2nd period - Stopped by Adin Hill with a rebound.
12:42 of 2nd period - Slapshot by Carter Verhaeghe.
12:42 of 2nd period - Stopped by Adin Hill without a rebound.
12:43 of 2nd period - Steven Stamkos wins face-off versus Sidney Crosby in Chicago Black Hawks zone.
12:46 of 2nd period - Wrist shot by Patrick Kane.
12:46 of 2nd period - Stopped by Adin Hill with a rebound.
12:58 of 2nd period - Wrist shot by Sidney Crosby.
12:58 of 2nd period - Stopped by Calvin Pickard with a rebound.
13:00 of 2nd period - Slapshot by Urho Vaakanainen.
13:00 of 2nd period - Shot Misses the Net.
13:42 of 2nd period - Caleb Jones is hit by Christian Fischer and loses puck.
13:59 of 2nd period - Wrist shot by Steven Stamkos.
13:59 of 2nd period - Stopped by Adin Hill with a rebound.
14:01 of 2nd period - Snap shot by Jared McCann.
14:01 of 2nd period - Shot Misses the Net.
14:11 of 2nd period - Jeff Petry is hit by Sidney Crosby and loses puck.
14:22 of 2nd period - Sidney Crosby is hit by Kevin Stenlund and loses puck.
14:41 of 2nd period - Tyson Foerster is hit by Matthew Boldy and loses puck.
14:49 of 2nd period - Minor Penalty to Carter Verhaeghe for Holding.
14:50 of 2nd period - Sidney Crosby wins face-off versus Kevin Stenlund in Detroit Red Wings zone.
14:59 of 2nd period - Wrist shot by Sidney Crosby.
14:59 of 2nd period - Stopped by Calvin Pickard with a rebound.
16:06 of 2nd period - Minor Penalty to Cole Sillinger for Diving.
16:07 of 2nd period - Claude Giroux wins face-off versus Mika Zibanejad in Chicago Black Hawks zone.
16:14 of 2nd period - Snap shot by Claude Giroux.
16:14 of 2nd period - Deflect By Sidney Crosby.
16:14 of 2nd period - Stopped by Calvin Pickard without a rebound.
16:15 of 2nd period - Sidney Crosby wins face-off versus Mika Zibanejad in Detroit Red Wings zone.
16:30 of 2nd period - Slapshot by Zachary Werenski.
16:30 of 2nd period - Deflect By Sidney Crosby.
16:30 of 2nd period - Stopped by Adin Hill with a rebound.
16:32 of 2nd period - Snap shot by Mika Zibanejad.
16:32 of 2nd period - Shot Misses the Net.
16:34 of 2nd period - Wrist shot by Patrick Kane.
16:34 of 2nd period - Stopped by Adin Hill with a rebound.
16:36 of 2nd period - Wrist shot by Mika Zibanejad.
16:36 of 2nd period - Shot Misses the Net.
16:38 of 2nd period - Slapshot by MacKenzie Weegar.
16:38 of 2nd period - Stopped by Adin Hill without a rebound.
16:39 of 2nd period - Mika Zibanejad wins face-off versus Lucas Raymond in Chicago Black Hawks zone.
16:49 of 2nd period - Penalty to Carter Verhaeghe is over, Carter Verhaeghe is back on ice.
17:00 of 2nd period - Wrist shot by Steven Stamkos.
17:00 of 2nd period - Goal by Steven Stamkos - Chicago Black Hawks : 0 - Detroit Red Wings : 3.
17:01 of 2nd period - Joseph Veleno wins face-off versus Jared McCann in neutral zone.
17:15 of 2nd period - Minor Penalty to MacKenzie Weegar for Roughing.
17:16 of 2nd period - Sidney Crosby wins face-off versus Kevin Stenlund in Detroit Red Wings zone.
17:33 of 2nd period - Icing by Sidney Crosby.
17:34 of 2nd period - Sidney Crosby wins face-off versus Kevin Stenlund in Chicago Black Hawks zone.
17:34 of 2nd period - Sidney Crosby is hit by Keegan Kolesar.
17:46 of 2nd period - Wrist shot by Lucas Raymond.
17:46 of 2nd period - Shot Blocked by Zachary Werenski.
17:48 of 2nd period - Snap shot by Sidney Crosby.
17:48 of 2nd period - Goal by Sidney Crosby - Chicago Black Hawks : 1 - Detroit Red Wings : 3.
17:49 of 2nd period - Steven Stamkos wins face-off versus Cole Sillinger in neutral zone.
18:22 of 2nd period - Wrist shot by Brett Howden.
18:22 of 2nd period - Shot Misses the Net.
18:24 of 2nd period - Wrist shot by Brett Howden.
18:24 of 2nd period - Shot Misses the Net.
18:26 of 2nd period - Wrist shot by Robert Bortuzzo.
18:26 of 2nd period - Shot Blocked by MacKenzie Weegar.
18:28 of 2nd period - Wrist shot by Brett Howden.
18:28 of 2nd period - Stopped by Calvin Pickard with a rebound.
18:30 of 2nd period - Snap shot by Oliver Wahlstrom.
18:30 of 2nd period - Stopped by Calvin Pickard without a rebound.
18:31 of 2nd period - Steven Stamkos wins face-off versus Sidney Crosby in Detroit Red Wings zone.
19:47 of 2nd period - Slapshot by Urho Vaakanainen.
19:47 of 2nd period - Stopped by Calvin Pickard without a rebound.
19:48 of 2nd period - Keegan Kolesar wins face-off versus Cole Sillinger in Detroit Red Wings zone.
Goals for this period are 1 for Chicago Black Hawks vs 1 for Detroit Red Wings.
Shots for this period are 8 for Chicago Black Hawks vs 20 for Detroit Red Wings.
3rd period
0:01 of 3rd period - Steven Stamkos wins face-off versus Lucas Raymond in neutral zone.
0:22 of 3rd period - Minor Penalty to Vincent Desharnais for Roughing.
0:23 of 3rd period - Lucas Raymond wins face-off versus Mika Zibanejad in Chicago Black Hawks zone.
0:23 of 3rd period - Lucas Raymond is hit by Mika Zibanejad.
0:31 of 3rd period - Slapshot by Urho Vaakanainen.
0:31 of 3rd period - Shot Blocked by Jeff Petry.
1:03 of 3rd period - Wrist shot by Jared McCann.
1:03 of 3rd period - Shot Misses the Net.
2:22 of 3rd period - Penalty to Vincent Desharnais is over, Vincent Desharnais is back on ice.
2:32 of 3rd period - MacKenzie Weegar is hit by Barrett Hayton and loses puck.
2:39 of 3rd period - Slapshot by Oliver Wahlstrom.
2:39 of 3rd period - Stopped by Calvin Pickard without a rebound.
2:40 of 3rd period - Tyler Johnson wins face-off versus Barrett Hayton in Detroit Red Wings zone.
2:49 of 3rd period - Snap shot by Oliver Wahlstrom.
2:49 of 3rd period - Stopped by Calvin Pickard with a rebound.
2:51 of 3rd period - Snap shot by Caleb Jones.
2:51 of 3rd period - Stopped by Calvin Pickard with a rebound.
2:53 of 3rd period - Snap shot by Brett Howden.
2:53 of 3rd period - Stopped by Calvin Pickard without a rebound.
2:54 of 3rd period - Steven Stamkos wins face-off versus Cole Sillinger in Detroit Red Wings zone.
3:22 of 3rd period - Backhand shot by Mika Zibanejad.
3:22 of 3rd period - Stopped by Adin Hill with a rebound.
3:24 of 3rd period - Wrist shot by Carter Verhaeghe.
3:24 of 3rd period - Goal by Carter Verhaeghe - Chicago Black Hawks : 1 - Detroit Red Wings : 4.
3:25 of 3rd period - Mika Zibanejad wins face-off versus Cole Sillinger in neutral zone.
3:32 of 3rd period - Off-side.
3:33 of 3rd period - Mika Zibanejad wins face-off versus Cole Sillinger in neutral zone.
4:10 of 3rd period - Snap shot by Tyson Foerster.
4:10 of 3rd period - Deflect By MacKenzie Weegar.
4:10 of 3rd period - Stopped by Calvin Pickard with a rebound.
4:12 of 3rd period - Slapshot by Robert Bortuzzo.
4:12 of 3rd period - Stopped by Calvin Pickard with a rebound.
4:14 of 3rd period - Slapshot by Urho Vaakanainen.
4:14 of 3rd period - Stopped by Calvin Pickard with a rebound.
4:16 of 3rd period - Slapshot by Urho Vaakanainen.
4:16 of 3rd period - Stopped by Calvin Pickard without a rebound.
4:17 of 3rd period - Lucas Raymond wins face-off versus Steven Stamkos in Detroit Red Wings zone.
4:25 of 3rd period - Minor Penalty to Vincent Desharnais for Hooking.
4:26 of 3rd period - Lucas Raymond wins face-off versus Steven Stamkos in Chicago Black Hawks zone.
4:37 of 3rd period - Snap shot by Zachary Werenski.
4:37 of 3rd period - Shot Misses the Net.
4:39 of 3rd period - Slapshot by Jeff Petry.
4:39 of 3rd period - Shot Misses the Net.
5:25 of 3rd period - Icing by Mika Zibanejad.
5:26 of 3rd period - Sidney Crosby wins face-off versus Mika Zibanejad in Detroit Red Wings zone.
6:25 of 3rd period - Penalty to Vincent Desharnais is over, Vincent Desharnais is back on ice.
6:32 of 3rd period - Wrist shot by Barrett Hayton.
6:32 of 3rd period - Stopped by Calvin Pickard without a rebound.
6:33 of 3rd period - Tyler Johnson wins face-off versus Barrett Hayton in Detroit Red Wings zone.
7:09 of 3rd period - Wrist shot by Jared McCann.
7:09 of 3rd period - Shot Blocked by Vincent Desharnais.
7:23 of 3rd period - Snap shot by Tyson Foerster.
7:23 of 3rd period - Deflect By Joseph Veleno.
7:23 of 3rd period - Stopped by Calvin Pickard without a rebound.
7:24 of 3rd period - Mika Zibanejad wins face-off versus Cole Sillinger in Detroit Red Wings zone.
7:24 of 3rd period - Mika Zibanejad is hit by Urho Vaakanainen.
8:27 of 3rd period - Wrist shot by Patrick Kane.
8:27 of 3rd period - Stopped by Adin Hill with a rebound.
8:29 of 3rd period - Slapshot by Jared McCann.
8:29 of 3rd period - Shot Misses the Net.
8:38 of 3rd period - Minor Penalty to Matthew Boldy for Hooking.
8:39 of 3rd period - Sidney Crosby wins face-off versus Kevin Stenlund in Detroit Red Wings zone.
8:41 of 3rd period - Snap shot by Sidney Crosby.
8:41 of 3rd period - Shot Misses the Net.
10:38 of 3rd period - Penalty to Matthew Boldy is over, Matthew Boldy is back on ice.
10:38 of 3rd period - Icing by Lucas Raymond.
10:39 of 3rd period - Joseph Veleno wins face-off versus Steven Stamkos in Chicago Black Hawks zone.
11:16 of 3rd period - Brett Howden is hit by Tyler Johnson and loses puck.
11:59 of 3rd period - Minor Penalty to Dante Fabbro for High sticking.
12:00 of 3rd period - Mika Zibanejad wins face-off versus Lucas Raymond in Chicago Black Hawks zone.
12:07 of 3rd period - Wrist shot by Matthew Boldy.
12:07 of 3rd period - Stopped by Adin Hill without a rebound.
12:08 of 3rd period - Mika Zibanejad wins face-off versus Lucas Raymond in Chicago Black Hawks zone.
12:37 of 3rd period - Snap shot by Matthew Boldy.
12:37 of 3rd period - Deflect By Carter Verhaeghe.
12:37 of 3rd period - Shot Misses the Net.
12:37 of 3rd period - Puck is out of play.
12:38 of 3rd period - Sidney Crosby wins face-off versus Steven Stamkos in Chicago Black Hawks zone.
12:42 of 3rd period - Off-side.
12:43 of 3rd period - Sidney Crosby wins face-off versus Steven Stamkos in neutral zone.
12:46 of 3rd period - Steven Stamkos is hit by Claude Giroux and loses puck.
13:35 of 3rd period - Cole Sillinger is hit by Patrick Kane and loses puck.
13:59 of 3rd period - Penalty to Dante Fabbro is over, Dante Fabbro is back on ice.
14:21 of 3rd period - Wrist shot by Claude Giroux.
14:21 of 3rd period - Shot Blocked by Patrick Kane.
14:23 of 3rd period - Slapshot by Robert Bortuzzo.
14:23 of 3rd period - Stopped by Calvin Pickard without a rebound.
14:24 of 3rd period - Mika Zibanejad wins face-off versus Cole Sillinger in Detroit Red Wings zone.
14:40 of 3rd period - Minor Penalty to Vincent Desharnais for Roughing.
14:41 of 3rd period - Mika Zibanejad wins face-off versus Lucas Raymond in Chicago Black Hawks zone.
14:43 of 3rd period - Backhand shot by Mika Zibanejad.
14:43 of 3rd period - Stopped by Adin Hill with a rebound.
16:19 of 3rd period - Icing by Zachary Werenski.
16:20 of 3rd period - Lucas Raymond wins face-off versus Mika Zibanejad in Detroit Red Wings zone.
16:40 of 3rd period - Penalty to Vincent Desharnais is over, Vincent Desharnais is back on ice.
17:10 of 3rd period - Slapshot by Jon Merrill.
17:10 of 3rd period - Stopped by Calvin Pickard without a rebound.
17:11 of 3rd period - Jack Drury wins face-off versus Kevin Stenlund in Detroit Red Wings zone.
17:24 of 3rd period - Snap shot by Noah Cates.
17:24 of 3rd period - Shot Misses the Net.
17:36 of 3rd period - Steven Stamkos is hit by Claude Giroux and loses puck.
17:51 of 3rd period - Minor Penalty to Robert Bortuzzo for High sticking.
17:52 of 3rd period - Sidney Crosby wins face-off versus Steven Stamkos in Chicago Black Hawks zone.
17:52 of 3rd period - Sidney Crosby is hit by Steven Stamkos.
18:24 of 3rd period - Cole Sillinger is hit by Jeff Petry and loses puck.
19:51 of 3rd period - Penalty to Robert Bortuzzo is over, Robert Bortuzzo is back on ice.
Goals for this period are 0 for Chicago Black Hawks vs 1 for Detroit Red Wings.
Shots for this period are 12 for Chicago Black Hawks vs 5 for Detroit Red Wings.
Back to the Top